| TOP OF THE 1ST |
|
Cedar Rapids Kernels batting - Pitching for Lexington Legends : RHP Tony Jimenez
|
|
Pitching: RHP Tony Jimenez
|
|
|
Batting: RHB Tim Carter
|
0-0: Foul Ball, location: 2F 0-1: Ball 1-1: Foul Ball, location: 2F 1-2: Foul Ball, location: 2F 1-2: Ball 2-2: Ball 3-2: Reached via error on a dropped throw from 1B, E1 (Groundball, 34S, EV 83.8 MPH)
|
|
Batting: RHB Steve Raine
|
0-0: Ball 1-0: Called Strike 1-1: Foul Ball, location: 2F 1-2: Foul Ball, location: 2F 1-2: SINGLE (Groundball, 6M, EV 81.9 MPH) (infield hit) Tim Carter to second
|
|
Batting: LHB Kuemon Shishido
|
0-0: Called Strike 0-1: Ball 1-1: Ball 2-1: SINGLE (Groundball, 4M, EV 106.2 MPH) Tim Carter to third Steve Raine to second Runner from 3rd tries for Home, SAFE, throw by CF to home
|
|
Batting: LHB Shaun Price
|
0-0: Swinging Strike 0-1: Ball 1-1: Fielders Choice at 2nd, 3-6 (Groundball, 3, EV 108.1 MPH) Steve Raine to third
|
|
Batting: LHB Marvin Shepherd
|
0-0: Called Strike 0-1: Foul Ball, location: 2F 0-2: Foul Ball, location: 2F 0-2: SINGLE (Groundball, 6S, EV 71.9 MPH) (infield hit) Steve Raine scores Shaun Price to second
|
|
Pitching: RHP Josh Rutledge
|
|
|
Batting: RHB Nate Matson
|
0-0: Called Strike 0-1: SINGLE (Line Drive, 78S, EV 104.4 MPH) Shaun Price to third Marvin Shepherd to second Runner from 3rd tries for Home, SAFE, throw by LF to home
|
|
Now in LF: Carlos Santoni
|
|
|
Batting: LHB Hector Olvera
|
0-0: Ball 1-0: Called Strike 1-1: Foul Ball, location: 2F 1-2: Fly out, F3 (Line Drive, 34, EV 72.5 MPH) Lined into DP, U3 (Line Drive, 34, EV 67.5 MPH)
|
| Top of the 1st over - 3 runs, 4 hits, 1 error, 1 left on base; Cedar Rapids 3 - Lexington 0 |
| BOTTOM OF THE 1ST |
|
Lexington Legends batting - Pitching for Cedar Rapids Kernels : LHP Bobby Shaw
|
|
Pitching: LHP Bobby Shaw
|
|
|
Batting: LHB Edgar Ortiz
|
0-0: Called Strike 0-1: Ground out U3 (Groundball, 3, EV 101.9 MPH)
|
|
Batting: RHB Nate De Jongh
|
0-0: Ball 1-0: SINGLE (Groundball, 6, EV 103.1 MPH)
|
|
Batting: RHB Nick Julien
|
0-0: Ball 1-0: Grounds into double play, 6-4-3 (Groundball, 56, EV 100.6 MPH)
|
| Bottom of the 1st over - 0 runs, 1 hit, 0 errors, 0 left on base; Cedar Rapids 3 - Lexington 0 |
| TOP OF THE 2ND |
|
Cedar Rapids Kernels batting - Pitching for Lexington Legends : RHP Josh Rutledge
|
|
Batting: RHB Dave Berry
|
0-0: Ball 1-0: Ball 2-0: Foul Ball, location: 2F 2-1: Ball 3-1: Foul Ball, location: 2F 3-2: Ground out 6-3 (Groundball, 6, EV 82.5 MPH)
|
|
Batting: RHB Antonio Santos
|
0-0: Ball 1-0: Ground out 4-3 (Groundball, 4M, EV 78.1 MPH)
|
|
Batting: RHB Tim Carter
|
0-0: Called Strike 0-1: Swinging Strike 0-2: Ball 1-2: Strikes out looking
|
| Top of the 2nd over - 0 runs, 0 hits, 0 errors, 0 left on base; Cedar Rapids 3 - Lexington 0 |
| BOTTOM OF THE 2ND |
|
Lexington Legends batting - Pitching for Cedar Rapids Kernels : LHP Bobby Shaw
|
|
Batting: LHB Pablo Serrato
|
0-0: Ball 1-0: Called Strike 1-1: Foul Ball, location: 2F 1-2: Ball 2-2: Ball 3-2: Fly out, F8 (Flyball, 8LM, EV 92.5 MPH)
|
|
Batting: SHB Bill Ertl
|
0-0: Ball 1-0: Fly out, F7 (Flyball, 7S, EV 91.2 MPH)
|
|
Batting: RHB Phil Hamby
|
0-0: Ball 1-0: Ball 2-0: Foul Ball, location: 2F 2-1: Ball 3-1: Foul Ball, location: 2F 3-2: Fly out, F8 (Flyball, 8RM, EV 76.9 MPH)
|
| Bottom of the 2nd over - 0 runs, 0 hits, 0 errors, 0 left on base; Cedar Rapids 3 - Lexington 0 |
| TOP OF THE 3RD |
|
Cedar Rapids Kernels batting - Pitching for Lexington Legends : RHP Josh Rutledge
|
|
Batting: RHB Steve Raine
|
0-0: Called Strike 0-1: Foul Ball, location: 2F 0-2: Hit by Pitch
|
|
Batting: LHB Kuemon Shishido
|
0-0: Ball Steve Raine steals 2nd base 1-0: Ball 2-0: Foul Ball, location: 2F 2-1: Ball 3-1: Ground out U3 (Groundball, 3, EV 90.6 MPH) Steve Raine to third
|
|
Pitching: RHP Kolenka Leschenya
|
|
|
Batting: LHB Shaun Price
|
0-0: Called Strike 0-1: Called Strike 0-2: Ground out 4-3 (Groundball, 34, EV 80.6 MPH) Steve Raine scores
|
|
Batting: LHB Marvin Shepherd
|
0-0: SINGLE (Line Drive, 8RS, EV 90.0 MPH)
|
|
Batting: RHB Nate Matson
|
0-0: Ball 1-0: Ball 2-0: Called Strike 2-1: Called Strike Marvin Shepherd is caught stealing 2nd base 2-4
|
| Top of the 3rd over - 1 run, 1 hit, 0 errors, 0 left on base; Cedar Rapids 4 - Lexington 0 |
| BOTTOM OF THE 3RD |
|
Lexington Legends batting - Pitching for Cedar Rapids Kernels : LHP Bobby Shaw
|
|
Batting: RHB Jesus Malave
|
0-0: Ball 1-0: Ground out 6-3 (Groundball, 6, EV 82.5 MPH)
|
|
Batting: RHB Carlos Santoni
|
0-0: SINGLE (Groundball, 23, EV 73.1 MPH) (infield hit)
|
|
Batting: RHB Vic Nelson
|
0-0: Ball 1-0: Called Strike 1-1: Ball 2-1: SINGLE (Groundball, 34D, EV 103.8 MPH) Carlos Santoni to second Runner from 2nd tries for 3rd, SAFE, throw by RF made to third
|
|
Batting: LHB Edgar Ortiz
|
0-0: Called Strike 0-1: Ball 1-1: Foul Ball, location: 2F 1-2: Ball 2-2: Ball 3-2: Strikes out swinging
|
|
Batting: RHB Nate De Jongh
|
0-0: Ground out 6-3 (Groundball, 6S, EV 65.6 MPH)
|
| Bottom of the 3rd over - 0 runs, 2 hits, 0 errors, 2 left on base; Cedar Rapids 4 - Lexington 0 |
| TOP OF THE 4TH |
|
Cedar Rapids Kernels batting - Pitching for Lexington Legends : RHP Kolenka Leschenya
|
|
Batting: RHB Nate Matson
|
0-0: Swinging Strike 0-1: Called Strike 0-2: Ball 1-2: Ball 2-2: Foul Ball, location: 2F 2-2: Strikes out looking
|
|
Batting: LHB Hector Olvera
|
0-0: Ball 1-0: Called Strike 1-1: Ball 2-1: Ground out 4-3 (Groundball, 4S, EV 91.9 MPH)
|
|
Pitching: RHP Nam Phong
|
|
|
Batting: RHB Dave Berry
|
0-0: Called Strike 0-1: Called Strike 0-2: Ball 1-2: Foul Ball, location: 2F 1-2: Foul Ball, location: 2F 1-2: Foul Ball, location: 2F 1-2: Ball 2-2: Ball 3-2: SINGLE (Groundball, 56S, EV 98.8 MPH)
|
|
Batting: RHB Antonio Santos
|
0-0: Called Strike 0-1: Foul Ball, location: 2F 0-2: Ball 1-2: Foul Ball, location: 2F 1-2: Foul Ball, location: 2F 1-2: Ground out 4-3 (Groundball, 4, EV 82.5 MPH)
|
| Top of the 4th over - 0 runs, 1 hit, 0 errors, 1 left on base; Cedar Rapids 4 - Lexington 0 |
| BOTTOM OF THE 4TH |
|
Lexington Legends batting - Pitching for Cedar Rapids Kernels : LHP Bobby Shaw
|
|
Batting: RHB Nick Julien
|
0-0: Swinging Strike 0-1: Ball 1-1: Ball 2-1: Ball 3-1: Foul Ball, location: 2F 3-2: SINGLE (Groundball, 6MD, EV 108.1 MPH)
|
|
Batting: LHB Pablo Serrato
|
0-0: Called Strike 0-1: Swinging Strike 0-2: Ball 1-2: Fly out, F8 (Flyball, 8LD, EV 100.0 MPH)
|
|
Batting: SHB Bill Ertl
|
0-0: Foul Ball, location: 2F 0-1: Called Strike 0-2: Strikes out swinging
|
|
Batting: RHB Phil Hamby
|
0-0: Called Strike 0-1: Foul Ball, location: 2F 0-2: Ball 1-2: Fielders Choice at 2nd, 5-4 (Groundball, 5, EV 80.6 MPH)
|
| Bottom of the 4th over - 0 runs, 1 hit, 0 errors, 1 left on base; Cedar Rapids 4 - Lexington 0 |
| TOP OF THE 5TH |
|
Cedar Rapids Kernels batting - Pitching for Lexington Legends : RHP Nam Phong
|
|
Batting: RHB Tim Carter
|
0-0: Called Strike 0-1: Swinging Strike 0-2: Foul Ball, location: 2F 0-2: Strikes out swinging
|
|
Pitching: RHP Greg Sell
|
|
|
Batting: RHB Steve Raine
|
0-0: Foul Ball, location: 2F 0-1: Called Strike 0-2: Strikes out swinging, 2-3 out at first.
|
|
Batting: LHB Kuemon Shishido
|
0-0: Ball 1-0: Ball 2-0: Reached on error, E6 (Groundball, 4S, EV 83.1 MPH)
|
|
Batting: LHB Shaun Price
|
0-0: Called Strike 0-1: Ground out U3 (Groundball, 3L, EV 101.9 MPH)
|
| Top of the 5th over - 0 runs, 0 hits, 1 error, 1 left on base; Cedar Rapids 4 - Lexington 0 |
| BOTTOM OF THE 5TH |
|
Lexington Legends batting - Pitching for Cedar Rapids Kernels : LHP Bobby Shaw
|
|
Batting: RHB Jesus Malave
|
0-0: Ball 1-0: Swinging Strike 1-1: Swinging Strike 1-2: Ball 2-2: Ball 3-2: Foul Ball, location: 2F 3-2: Base on Balls
|
|
Batting: RHB Carlos Santoni
|
0-0: Grounds into double play, 6-4-3 (Groundball, 6, EV 78.1 MPH)
|
|
Batting: RHB Vic Nelson
|
0-0: Ball 1-0: Ball 2-0: Ball 3-0: Called Strike 3-1: Base on Balls
|
|
Batting: LHB Edgar Ortiz
|
0-0: Ball 1-0: Ball 2-0: Foul Ball, location: 2F 2-1: Ball 3-1: Called Strike 3-2: Fly out, F8 (Flyball, 8RD, EV 100.6 MPH)
|
| Bottom of the 5th over - 0 runs, 0 hits, 0 errors, 1 left on base; Cedar Rapids 4 - Lexington 0 |
| TOP OF THE 6TH |
|
Cedar Rapids Kernels batting - Pitching for Lexington Legends : RHP Greg Sell
|
|
Batting: LHB Marvin Shepherd
|
0-0: Swinging Strike 0-1: Ball 1-1: Ball 2-1: Swinging Strike 2-2: Ball 3-2: Strikes out swinging
|
|
Batting: RHB Nate Matson
|
0-0: Ball 1-0: Ball 2-0: Ball 3-0: Base on Balls
|
|
Pitching: LHP Butch Ott
|
|
|
Batting: LHB Hector Olvera
|
0-0: Swinging Strike 0-1: Ball 1-1: Foul Ball, location: 2F 1-2: Strikes out swinging
|
|
Batting: RHB Dave Berry
|
0-0: Called Strike 0-1: Ball 1-1: Swinging Strike 1-2: Ball 2-2: Foul Ball, location: 2F 2-2: Strikes out swinging
|
| Top of the 6th over - 0 runs, 0 hits, 0 errors, 1 left on base; Cedar Rapids 4 - Lexington 0 |
| BOTTOM OF THE 6TH |
|
Lexington Legends batting - Pitching for Cedar Rapids Kernels : LHP Bobby Shaw
|
|
Batting: RHB Nate De Jongh
|
0-0: Called Strike 0-1: Foul Ball, location: 2F 0-2: Ball 1-2: Ground out U3 (Groundball, 3, EV 88.1 MPH)
|
|
Batting: RHB Nick Julien
|
0-0: Ball 1-0: DOUBLE (Groundball, 5L, EV 108.8 MPH)
|
|
Batting: LHB Pablo Serrato
|
0-0: Swinging Strike 0-1: Ball 1-1: Fly out, F9 (Flyball, 9D, EV 105.0 MPH)
|
|
Batting: SHB Bill Ertl
|
0-0: Called Strike 0-1: Swinging Strike 0-2: Foul Ball, location: 2F 0-2: Fly out, F8 (Flyball, 89XD, EV 105.0 MPH)
|
| Bottom of the 6th over - 0 runs, 1 hit, 0 errors, 1 left on base; Cedar Rapids 4 - Lexington 0 |
| TOP OF THE 7TH |
|
Cedar Rapids Kernels batting - Pitching for Lexington Legends : LHP Butch Ott
|
|
Batting: RHB Antonio Santos
|
0-0: Ball 1-0: Ball 2-0: Ball 3-0: Called Strike 3-1: Foul Ball, location: 2F 3-2: Base on Balls
|
|
Batting: RHB Tim Carter
|
0-0: Bunt missed! 0-1: Sac Bunt to 15S - play at first, batter OUT! 1-3 Antonio Santos to second
|
|
Pitching: LHP Tyler Abraham
|
|
|
Batting: RHB Steve Raine
|
0-0: Called Strike 0-1: Ball 1-1: Foul Ball, location: 2F 1-2: Strikes out swinging
|
|
Batting: LHB Kuemon Shishido
|
0-0: Called Strike 0-1: Ball 1-1: Ground out U3 (Groundball, 34, EV 86.2 MPH)
|
| Top of the 7th over - 0 runs, 0 hits, 0 errors, 1 left on base; Cedar Rapids 4 - Lexington 0 |
| BOTTOM OF THE 7TH |
|
Lexington Legends batting - Pitching for Cedar Rapids Kernels : LHP Bobby Shaw
|
|
Pitching: RHP Dan Post
|
|
|
Batting: RHB Phil Hamby
|
0-0: Foul Ball, location: 2F 0-1: Called Strike 0-2: Strikes out looking
|
|
Batting: RHB Jesus Malave
|
0-0: Foul Ball, location: 2F 0-1: Ball 1-1: Swinging Strike 1-2: SINGLE (Line Drive, 6M, EV 94.4 MPH)
|
|
Batting: RHB Carlos Santoni
|
0-0: Called Strike 0-1: Foul Ball, location: 2F 0-2: SINGLE (Line Drive, 7LM, EV 101.2 MPH) Jesus Malave to second
|
|
Batting: RHB Vic Nelson
|
0-0: Ball 1-0: Ball 2-0: Foul Ball, location: 2F 2-1: Ball 3-1: Base on Balls Jesus Malave to third Carlos Santoni to second
|
|
Batting: LHB Edgar Ortiz
|
0-0: Ball 1-0: Ball 2-0: Ball 3-0: Base on Balls Jesus Malave scores Carlos Santoni to third Vic Nelson to second
|
|
Batting: RHB Nate De Jongh
|
0-0: Called Strike 0-1: Ball 1-1: Called Strike 1-2: Strikes out swinging
|
|
Batting: RHB Nick Julien
|
0-0: Called Strike 0-1: Swinging Strike 0-2: Strikes out looking
|
| Bottom of the 7th over - 1 run, 2 hits, 0 errors, 3 left on base; Cedar Rapids 4 - Lexington 1 |
| TOP OF THE 8TH |
|
Cedar Rapids Kernels batting - Pitching for Lexington Legends : LHP Tyler Abraham
|
|
Batting: LHB Shaun Price
|
0-0: Ball 1-0: Ball 2-0: Ball 3-0: Base on Balls
|
|
Batting: LHB Marvin Shepherd
|
0-0: Called Strike 0-1: Foul Ball, location: 2F 0-2: SINGLE (Groundball, 56D, EV 98.1 MPH) Shaun Price to second
|
|
Batting: RHB Nate Matson
|
0-0: Called Strike 0-1: Ball 1-1: Called Strike 1-2: Strikes out swinging
|
|
Pitching: RHP Gary Ackerman
|
|
|
Batting: LHB Hector Olvera
|
0-0: Ball 1-0: Called Strike 1-1: Called Strike 1-2: Strikes out swinging
|
|
Batting: RHB Dave Berry
|
0-0: Swinging Strike 0-1: Ball 1-1: Ball 2-1: Foul Ball, location: 2F 2-2: Ball 3-2: Foul Ball, location: 2F 3-2: Foul Ball, location: 2F 3-2: Strikes out swinging
|
| Top of the 8th over - 0 runs, 1 hit, 0 errors, 2 left on base; Cedar Rapids 4 - Lexington 1 |
| BOTTOM OF THE 8TH |
|
Lexington Legends batting - Pitching for Cedar Rapids Kernels : RHP Dan Post
|
|
Batting: LHB Pablo Serrato
|
0-0: Called Strike 0-1: Ball 1-1: Ball 2-1: Ball 3-1: Base on Balls
|
|
Batting: SHB Bill Ertl
|
0-0: Foul Ball, location: 2F 0-1: SINGLE (Groundball, 4MS, EV 78.1 MPH) (infield hit) Pablo Serrato to second
|
|
Batting: RHB Phil Hamby
|
0-0: Called Strike 0-1: Swinging Strike 0-2: Foul Ball, location: 2F 0-2: Ball 1-2: Strikes out swinging
|
|
Batting: RHB Jesus Malave
|
0-0: Ball 1-0: Foul Ball, location: 2F 1-1: Ball 2-1: Called Strike 2-2: Strikes out swinging
|
|
Pinch Hitting: LHB Mike Bhatti
|
0-0: Swinging Strike 0-1: Fly out, F4 (Popup, 4MS, EV 62.5 MPH)
|
| Bottom of the 8th over - 0 runs, 1 hit, 0 errors, 2 left on base; Cedar Rapids 4 - Lexington 1 |
| TOP OF THE 9TH |
|
Cedar Rapids Kernels batting - Pitching for Lexington Legends : RHP Gary Ackerman
|
|
Pitching: RHP Ryan Crump
|
|
|
Now in LF: Mike Bhatti
|
|
|
Pinch Hitting: RHB Kevin Harris
|
0-0: Ball 1-0: Ball 2-0: Called Strike 2-1: Ball 3-1: Fly out, F9 (Line Drive, 9LM, EV 108.1 MPH)
|
|
Batting: RHB Tim Carter
|
0-0: Called Strike 0-1: Called Strike 0-2: SINGLE (Line Drive, 7S, EV 110.0 MPH)
|
|
Batting: RHB Steve Raine
|
0-0: Called Strike 0-1: Ball 1-1: Called Strike 1-2: Foul Ball, location: 2F 1-2: SINGLE (Line Drive, 34D, EV 94.4 MPH) Tim Carter to second Throwing error, E9 Tim Carter scores Steve Raine to second
|
|
Batting: LHB Kuemon Shishido
|
0-0: Ball 1-0: Called Strike 1-1: Called Strike Steve Raine steals 3rd base 1-2: Foul Ball, location: 2F 1-2: Ball 2-2: Foul Ball, location: 2F 2-2: 2-RUN HOME RUN (Flyball, 9LD, EV 95.0 MPH), Distance : 354 ft
|
|
Batting: LHB Shaun Price
|
0-0: Ball 1-0: Ball 2-0: Ball 3-0: Base on Balls
|
|
Batting: LHB Marvin Shepherd
|
0-0: Called Strike 0-1: Ball Wild Pitch! Shaun Price to second 1-1: Ball 2-1: SINGLE (Groundball, 4MD, EV 110.6 MPH) Shaun Price to third Runner from 3rd tries for Home, SAFE, throw by CF to home
|
|
Batting: RHB Nate Matson
|
0-0: Foul Ball, location: 2F 0-1: Foul Ball, location: 2F 0-2: Strikes out looking
|
|
Batting: LHB Hector Olvera
|
0-0: Fly out, F7 (Flyball, 78M, EV 87.5 MPH)
|
| Top of the 9th over - 4 runs, 4 hits, 1 error, 1 left on base; Cedar Rapids 8 - Lexington 1 |
| BOTTOM OF THE 9TH |
|
Lexington Legends batting - Pitching for Cedar Rapids Kernels : RHP Dan Post
|
|
Now at 3B: Kevin Harris
|
|
|
Pinch Hitting: RHB Vance Coen
|
0-0: Ball 1-0: Ball 2-0: SINGLE (Groundball, 34D, EV 96.2 MPH)
|
|
Pitching: LHP Mark Challinor
|
|
|
Batting: LHB Edgar Ortiz
|
0-0: Ball 1-0: Called Strike 1-1: Called Strike 1-2: Ball Wild Pitch! Vance Coen to second 2-2: Ground out 1-3 (Groundball, 15S, EV 68.1 MPH)
|
|
Batting: RHB Nate De Jongh
|
0-0: Ball 1-0: Ball 2-0: Fly out, F9 (Flyball, 9S, EV 87.5 MPH)
|
|
Pinch Hitting: RHB Jon Shonka
|
0-0: Ball 1-0: Ball 2-0: Called Strike 2-1: Called Strike 2-2: Strikes out looking
|
| Bottom of the 9th over - 0 runs, 1 hit, 0 errors, 1 left on base; Cedar Rapids 8 - Lexington 1 |
|